Map: Catalyst LE

Players

Zanster - Winner!

  • Race: Zerg Zerg
  • Spawn Location: 5:00

SpaceMarine

  • Race: Protoss Protoss
  • Spawn Location: 11:00

Event: WCS Valencia 2018

VOD

Have the link to the VOD?

Description

Time

  • Played on: July 12, 2018, 6:39 a.m.
  • Length: 4:07

All games in this series

Show
View Real Time Build Order
Export as new Build Order

Zanster Zerg - Winner!

Build Orders: Hatch First 

Get SALT Encoding   

  12  0:00  Drone  
  13  0:13  Overlord  
  13  0:17  Drone  
  14  0:31  Drone x2  
  16  0:49  Hatchery  
  15  0:52  Drone  
  15  0:55  Drone  
  17  0:58  Drone  
  17  1:04  Extractor  
  17  1:14  Spawning Pool  
  17  1:17  Drone  
  17  1:21  Drone  
  18  1:29  Drone  
  19  1:40  Drone  
  20  1:50  Overlord  
  20  2:01  Queen  
  20  2:02  Queen  
  20  2:03  Metabolic Boost  
  20  2:06  Zergling x2  
  25  2:11  Zergling x2  
  26  2:19  Zergling x2  
  26  2:20  Zergling x2  
  28  2:25  Zergling x4  
  30  2:36  Zergling x4  
  32  2:49  Zergling x4  
  34  2:55  Overlord  
  34  3:00  Zergling x2  
  35  3:09  Zergling x2  
  34  3:21  Zergling x8  
  34  3:22  Zergling x6  
  41  3:30  Zergling x2  
  41  3:31  Zergling x2  
  40  3:39  Zergling x4  
  41  4:01  Hatchery  
Show
View Real Time Build Order
Export as new Build Order

SpaceMarine Protoss 

Build Orders: 1 Gate Expand 

Get SALT Encoding   

  12  0:00  Probe  
  13  0:12  Probe  
  14  0:20  Pylon  
  14  0:24  Probe  
  15  0:37  Probe  
  15  0:39  Gateway  
  16  0:44  Assimilator  
  16  0:45  Probe  
  17  0:53  Probe  
  18  1:05  Probe  
  19  1:21  Nexus  
  19  1:24  Probe  
  20  1:35  Cybernetics Core  
  20  1:39  Probe  
  21  1:47  Assimilator  
  21  1:51  Probe  
  22  1:58  Pylon  
  22  2:03  Probe  
  23  2:12  Probe  
  23  2:16  Adept  
  23  2:20  Probe  
  26  2:29  Probe  
  27  2:31  Probe  
  29  2:37  Stargate, Probe  
  29  2:39  Probe  
  29  2:43  Adept  
  33  2:45  Probe  
  34  2:51  Probe  
  34  2:58  Probe  
  35  3:01  Twilight Council  
  35  3:04  Probe  
  37  3:09  Adept  
  37  3:10  Probe  
  39  3:24  Gateway  
  39  3:28  Probe x2  
  33  3:40  Probe  
  32  3:47  Probe  
  28  3:53  Probe  
Tags
 
Add a new tag
Caveats
  • Supply blocks, unpowered buildings, or Contaminate may cause inaccurate times.
  • Supply counts are checked every 10 seconds.